 Dungeon Crawl Stone Soup version 0.32-a0-918-g0f22ef8d61 (webtiles) character file.

Game seed: 14783125828180512675

43 Ijustatesigmund the Conjurer (level 3, -1/25 HPs)
             Began as a Gnoll Conjurer on Apr 11, 2024.
             Incinerated by a bombardier beetle (5 damage)
             ... with a burning spray
             ... on level 3 of the Dungeon.
             The game lasted 00:02:12 (2005 turns).

Ijustatesigmund the Conjurer (Gnoll Conjurer)       Turns: 2005, Time: 00:02:12

Health: -1/25      AC:  2    Str:  6    XL:     3   Next: 58%
Magic:  1/9        EV: 12    Int: 19    God:
Gold:   129        SH:  0    Dex: 10    Spells: 9/12 levels left

rFire   . . .        d - +0 battleaxe
rCold   . . .        (shield currently unavailable)
rNeg    . . .        a - +0 robe
rPois   .            (no helmet)
rElec   .            (no cloak)
rCorr   .            (no gloves)
SInv    .            (no boots)
Will    .....        (no amulet)
Stlth   +            (no ring)
HPRegen 0.24/turn    (no ring)
MPRegen 0.11/turn

%: no passive effects
@: on fire, glowing
A: fangs 1, strong nose, distributed training
a: no special abilities


You were on level 3 of the Dungeon.
You visited 1 branch of the dungeon, and saw 3 of its levels.

You collected 129 gold pieces.

Inventory:

Hand Weapons
 d - a +0 battleaxe (weapon)
Armour
 a - a +0 robe (worn)
Jewellery
 s - a +6 ring of dexterity
Scrolls
 g - a scroll of enchant armour {unknown}
 h - a scroll of revelation {unknown}
 j - a scroll of enchant weapon {unknown}
 k - a scroll of vulnerability {unknown}
 n - 2 scrolls of identify {unknown}
 p - a scroll of teleportation {unknown}
 q - a scroll of fear {unknown}
Potions
 b - a potion of magic
 c - 2 potions of brilliance {unknown}
 e - a potion of invisibility {unknown}
 f - a potion of heal wounds
 i - 2 potions of might {unknown}
 l - a potion of resistance {unknown}
 m - a potion of lignification {unknown}
 o - a potion of enlightenment {unknown}
 r - a potion of haste {unknown}


   Skills:
 + Level 0.9 Fighting
 + Level 0.9 Short Blades
 + Level 0.9 Long Blades
 + Level 0.9 Axes
 + Level 0.9 Maces & Flails
 + Level 0.9 Polearms
 + Level 0.9 Staves
 + Level 0.9 Ranged Weapons
 + Level 0.9 Throwing
 + Level 0.9 Armour
 + Level 4.5 Dodging
 + Level 4.2 Stealth
 + Level 0.9 Shields
 + Level 0.9 Unarmed Combat
 + Level 5.0 Spellcasting
 + Level 7.1 Conjurations
 + Level 0.6 Hexes
 + Level 0.6 Summonings
 + Level 0.6 Necromancy
 + Level 0.6 Translocations
 + Level 0.6 Fire Magic
 + Level 0.6 Ice Magic
 + Level 0.6 Air Magic
 + Level 0.6 Earth Magic
 + Level 0.6 Alchemy
 + Level 1.0 Invocations
 + Level 0.9 Evocations
 + Level 0.7 Shapeshifting


You had 9 spell levels left.
You knew the following spells:

 Your Spells              Type           Power      Damage    Failure   Level
a - Magic Dart            Conj           100%       1d8       1%          1
b - Searing Ray           Conj           62%        2d6       1%          2

Your spell library contained the following spells:

 Spells                   Type           Power      Damage    Failure   Level
 Shock                    Conj/Air       76%        1d7       2%          1
 Hailstorm                Conj/Ice       19%        3d7       8%          3
 Freeze                   Ice            28%        1d5       10%         1
 Fulminant Prism          Conj/Alch      9%         3d7       26%         4
 Iskenderun's Mystic Bla Conj/Tloc 19%            2d6        (+2d2     26%         4
 Frozen Ramparts          Ice            14%        1d3       28%         3
 Swiftness                Air            7%         N/A       28%         3
 Airstrike                Air            3%         2d(1-17)  67%         4


Dungeon Overview and Level Annotations

Branches:
Dungeon (3/15)

Altars:

Annotations:
D:3 1 runed translucent door, whodunnit's ghost, amateur OpWr


Innate Abilities, Weirdness & Mutations

You have very sharp teeth.
Your uncanny sense of smell can sniff out nearby items.
Your experience applies equally to all skills.


Message History

The liquid fire burns you!
The bombardier beetle closely misses you.
Casting: Searing Ray (safe; 1% risk of failure)
Confirm with . or Enter, or press ? or * to list all spells.
Aiming: Searing Ray (safe; 1% risk of failure)
Press: ? - help, Shift-Dir - straight line, f - bombardier beetle
Aim: a bombardier beetle (87% to hit)
The searing ray hits the bombardier beetle.
The bombardier beetle is moderately wounded. (Press . to maintain the ray.)
The liquid fire burns you!
The searing ray misses the bombardier beetle.
The liquid fire burns you! The bombardier beetle bites you.
The searing ray hits the bombardier beetle!
The bombardier beetle is severely wounded.
The liquid fire burns you!
The searing ray hits the bombardier beetle.
The bombardier beetle is almost dead.
You finish channelling your searing ray.
The liquid fire burns you!
The bombardier beetle sprays incendiary fluid at you.
The burning spray hits you.
You are even more covered in liquid fire!
Casting: Searing Ray (safe; 1% risk of failure)
Confirm with . or Enter, or press ? or * to list all spells.
Aiming: Searing Ray (safe; 1% risk of failure)
Press: ? - help, Shift-Dir - straight line, f/p - bombardier beetle
Aim: a bombardier beetle (almost dead, 87% to hit)
The searing ray misses the bombardier beetle. (Press . to maintain the ray.)
The liquid fire burns you!
* * * LOW HITPOINT WARNING * * *
The bombardier beetle sprays incendiary fluid at you.
The burning spray hits you.
You are even more covered in liquid fire!
The searing ray hits the bombardier beetle!
You kill the bombardier beetle!
The liquid fire burns you!
You die...

#.##.# #.##.# #.##.#
#.##.## #.#...##
###......## ###########
..........###..........
##...............####
###.......###.##@#
..........<....#†#
#.......######.#..
........# .####
..###...# .. .##⌠##....
... ##..W##...# ..#
#.....##..# ⌠.?♣!.⌠#..#


There were no monsters in sight!

Vanquished Creatures
  A bombardier beetle (D:3)
  An orc (D:3)
  4 ball pythons
  3 bats
  2 endoplasms
  A giant cockroach (D:2)
  4 hobgoblins
  4 jackals
  2 quokkas
  4 frilled lizards
  4 goblins
  2 kobolds (D:1)
  8 rats
40 creatures vanquished.

Notes
Turn   | Place    | Note
-------+----------+-------------------------------------------
     0 | D:1      | Ijustatesigmund the Gnoll Conjurer began the quest for the
                  | Orb.
     0 | D:1      | Reached XP level 1. HP: 13/13 MP: 6/6
   218 | D:1      | Reached XP level 2. HP: 12/19 MP: 7/7
   546 | D:1      | Found a faded altar of an unknown god.
   650 | D:1      | Learned a level 2 spell: Searing Ray
  1071 | D:2      | Reached skill level 5 in Spellcasting
  1071 | D:2      | Reached XP level 3. HP: 19/25 MP: 7/9
  1757 | D:2      | Reached skill level 1 in Invocations
  1937 | D:3      | Found a runed translucent door.
  1937 | D:3      | Noticed whodunnit's ghost (amateur OpWr)
  2005 | D:3      | Incinerated by a bombardier beetle

Illustrated notes

Levels and vault maps discovered:
D:1:      mainiacjoe_arrival_reflecting_pool, layout_loops_ring,
          chequers_ecumenical_altar_island, serial_glass, glass_columns_a,
          glass_columns_a
D:2:      layout_basic
D:3:      layout_loops_ring, serial_shops, nicolae_shop_trees,
          hellmonk_ghost_happy_afterlife, minmay_ruptured

Skill      XL: |  1  2  3 |
---------------+----------+-----
Spellcasting   | 5 |  5.0
Invocations    | 1 |  1.0
Fighting       | |  0.9
Short Blades   | |  0.9
Long Blades    | |  0.9
Axes           | |  0.9
Maces & Flails | |  0.9
Polearms       | |  0.9
Staves         | |  0.9
Ranged Weapons | |  0.9
Throwing       | |  0.9
Armour         | |  0.9
Dodging        | |  4.5
Stealth        | |  4.2
Shields        | |  0.9
Unarmed Combat | |  0.9
Conjurations   | |  7.1
Hexes          | |  0.6
Summonings     | |  0.6
Necromancy     | |  0.6
Translocations | |  0.6
Fire Magic     | |  0.6
Ice Magic      | |  0.6
Air Magic      | |  0.6
Earth Magic    | |  0.6
Alchemy        | |  0.6
Evocations     | |  0.9
Shapeshifting  | |  0.7

Action                     || total
---------------------------++-------
  Melee: Battleaxe         ||    72
         Bite              ||     5
   Cast: Magic Dart        ||    25
         Searing Ray       ||     3
    Use: Potion            ||     1
   Stab: Sleeping          ||     6
 Armour: Robe              ||    63
  Dodge: Dodged            ||    60

Table legend: (Time is in decaauts)
 A = Elapsed time spent in this place.
 B = Non-inter-level travel time spent in this place.
 C = Inter-level travel time spent in this place.
 D = Time resting spent in this place.
 E = Time spent auto-exploring this place.
 F = Levels seen in this place.
 G = Mean time per level.
                   A        B        C        D        E       F      G
               +--------+--------+--------+--------+--------+-----+--------+
         Total |   2062 |   2024 |     38 |    327 |   1376 |   3 |  687.3 |
       Dungeon |   2062 |   2024 |     38 |    327 |   1376 |   3 |  687.3 |
               +--------+--------+--------+--------+--------+-----+--------+

Top non-repeatable levels by time:
     D:1: 919 daAuts
     D:2: 863 daAuts
     D:3: 279 daAuts
